RedWings vs Flames

Created - April 17 2010 at 12:02

Goals
1 2 3 T
RedWings 0 2 0 2
Flames 1 0 0 1
Shots
1 2 3 T
RedWings 8 5 14 27
Flames 10 3 8 21

Period #1

1. Flames , Henrik Sedin 3 (Phil Kessel, Trevor Daley) at 17:32 (PP)

Penalties :
Marty Reasoner (DET) for High sticking (Minor) at 1:20, Jean-Pierre Dumont (DET) for Slashing (Minor) at 5:55, Brendan Witt (DET) for Hooking (Minor) at 8:45, Valtteri Filppula (CGY) for Fighting (Major) at 11:17, Ryan Getzlaf (DET) for Fighting (Major) at 11:17, Keith Tkachuk (CGY) for Holding (Minor) at 11:50, David Hale (DET) for Tripping (Minor) at 16:15

Period #2

2. RedWings , Jarome Iginla 1 (Travis Zajac, Brian Campbell) at 13:40 (PP)
3. RedWings , Ray Whitney 3 (Ryan Getzlaf, Mike Cammalleri) at 18:07

Penalties :
Marty Reasoner (DET) for High sticking (Minor) at 2:04, David Hale (DET) for Holding Stick (Minor) at 5:46, Mike Commodore (CGY) for Roughing (Minor) at 8:14, Paul Mara (CGY) for Hooking (Minor) at 8:17, Keith Tkachuk (CGY) for Holding (Minor) at 12:21, Trevor Daley (CGY) for Hooking (Minor) at 18:32

Period #3

No Goal

Penalties :
Mike Commodore (CGY) for Roughing (Minor) at 0:15, Roman Hamrlik (CGY) for Tripping (Minor) at 5:08, Roman Hamrlik (CGY) for Roughing (Minor) at 17:14

Goalie Stats

Tim Thomas (DET), 20 saves from 21 shots - (0.952), W, 5-2-0, 60:00 minutes
Niklas Backstrom (CGY), 25 saves from 27 shots - (0.926), L, 4-1-0, 59:31 minutes

Players Stats

RedWings
Player Name              G  A  P  +/- PIM S  H  SB FO    MP 
------------------------------------------------------------
Aaron Voros              0  0  0   0  0   0  0  0  0/0   0  
Brendan Witt             0  0  0   1  2   0  2  0  0/0   20 
Brian Campbell           0  1  1   1  0   2  0  3  0/0   22 
Colin White              0  0  0   0  0   0  1  0  0/0   20 
David Hale               0  0  0   0  4   0  1  1  0/0   10 
Jarome Iginla            1  0  1   0  0   5  3  0  1/1   19 
Jean-Pierre Dumont       0  0  0   0  2   0  2  0  0/0   12 
Joe Callahan             0  0  0   0  0   0  0  0  0/1   5  
Keith Yandle             0  0  0   0  0   0  0  0  0/0   19 
Marty Reasoner           0  0  0   0  4   1  0  0  7/17  17 
Mike Cammalleri          0  1  1   1  0   1  0  0  0/1   17 
Paul Martin              0  0  0   0  0   1  0  2  0/0   22 
Pavol Demitra            0  0  0   0  0   2  2  0  0/1   18 
Ray Whitney              1  0  1   1  0   7  0  0  0/0   19 
Ryan Getzlaf             0  1  1   1  5   4  2  0  13/24 17 
Travis Zajac             0  1  1   0  0   3  0  0  15/30 23 
Ville Peltonen           0  0  0   0  0   0  0  0  3/3   10 
Zach Parise              0  0  0   0  0   1  0  1  0/3   21 
Flames
Player Name              G  A  P  +/- PIM S  H  SB FO    MP 
------------------------------------------------------------
Chris Pronger            0  0  0  -1  0   3  0  1  0/0   25 
Dan Boyle                0  0  0   0  0   1  0  1  0/0   19 
Daniel Sedin             0  0  0  -1  0   1  0  0  1/2   21 
Drew Stafford            0  0  0   0  0   0  0  0  0/0   1  
Henrik Sedin             1  0  1  -1  0   3  1  0  14/23 18 
Keith Tkachuk            0  0  0   0  4   1  2  0  0/0   15 
Marco Sturm              0  0  0   0  0   3  0  0  1/2   17 
Matt Cullen              0  0  0   0  0   0  1  0  3/8   10 
Mike Commodore           0  0  0   0  4   0  1  0  0/0   18 
Mikko Koivu              0  0  0   0  0   0  0  0  13/21 20 
Owen Nolan               0  0  0   0  0   4  0  0  1/2   14 
Paul Mara                0  0  0   0  2   0  0  0  0/0   6  
Phil Kessel              0  1  1  -1  0   1  1  0  0/1   18 
Robert Lang              0  0  0   0  0   1  0  0  7/18  15 
Roman Hamrlik            0  0  0   0  4   0  2  3  0/0   16 
Tobias Enstrom           0  0  0  -1  0   1  0  0  0/0   22 
Trevor Daley             0  1  1   0  2   0  1  2  0/0   14 
Valtteri Filppula        0  0  0   0  5   2  0  0  2/4   17 

3 Stars

1 - Tim Thomas (DET)
2 - Jarome Iginla (DET)
3 - Ray Whitney (DET)

Power Play

RedWings - 1 on 8 Attempt(s) - 12.50%
Flames - 1 on 6 Attempt(s) - 16.67%

Penalty Kill

RedWings - 5 on 6 Attempt(s) - 83.33% - Score 0 goal in Penalty Kill
Flames - 7 on 8 Attempt(s) - 87.50% - Score 0 goal in Penalty Kill

Game Notes

Valtteri Filppula and Ryan Getzlaf fight to a draw at 11:17 of 1st period

Finance

Level 1 -- Attendance: 6500 (100.00%) -- Ticket Income $585,000.00
Level 2 -- Attendance: 5000 (100.00%) -- Ticket Income $275,000.00
Level 3 -- Attendance: 3500 (100.00%) -- Ticket Income $112,000.00
Level 4 -- Attendance: 3119 (94.83%) -- Ticket Income $62,380.00
Luxury Box -- Attendance: 1000 (100.00%) -- Ticket Income $185,000.00
Game was played at the Pengrowth Saddledome
Total Attendance: 19119 (99.12%)
Total Ticket Income: $1,224,142.00
Other Income: $367,242.60
Total Income: $1,591,385.00


Play by Play

Period #1

0:01 of 1st period - Henrik Sedin wins face-off versus Travis Zajac in neutral zone.
0:08 of 1st period - Shot by Daniel Sedin.
0:08 of 1st period - Stopped by Tim Thomas without a rebound.
0:09 of 1st period - Mikko Koivu wins face-off versus Ryan Getzlaf in RedWings zone.
0:09 of 1st period - Valtteri Filppula is hit by Brendan Witt and loses puck.
0:45 of 1st period - Shot by Ray Whitney.
0:45 of 1st period - Stopped by Niklas Backstrom without a rebound.
0:46 of 1st period - Henrik Sedin wins face-off versus Travis Zajac in Flames zone.
0:46 of 1st period - Daniel Sedin is hit by Jarome Iginla and loses puck.
1:14 of 1st period - Shot by Jarome Iginla.
1:14 of 1st period - Shot Misses the Net.
1:18 of 1st period - Shot by Jarome Iginla.
1:18 of 1st period - Stopped by Niklas Backstrom without a rebound.
1:19 of 1st period - Robert Lang wins face-off versus Marty Reasoner in Flames zone.
1:19 of 1st period - Robert Lang is hit by Pavol Demitra.
1:20 of 1st period - Minor Penalty to Marty Reasoner for High sticking.
1:21 of 1st period - Travis Zajac wins face-off versus Robert Lang in RedWings zone.
1:50 of 1st period - Shot by Chris Pronger.
1:50 of 1st period - Stopped by Tim Thomas without a rebound.
1:51 of 1st period - Travis Zajac wins face-off versus Henrik Sedin in RedWings zone.
2:46 of 1st period - Shot by Chris Pronger.
2:46 of 1st period - Stopped by Tim Thomas without a rebound.
2:47 of 1st period - Ryan Getzlaf wins face-off versus Owen Nolan in RedWings zone.
3:16 of 1st period - Shot by Chris Pronger.
3:16 of 1st period - Stopped by Tim Thomas without a rebound.
3:17 of 1st period - Ville Peltonen wins face-off versus Henrik Sedin in RedWings zone.
3:30 of 1st period - Shot by Mikko Koivu.
3:30 of 1st period - Shot Blocked by David Hale.
4:00 of 1st period - Shot by Valtteri Filppula.
4:00 of 1st period - Stopped by Tim Thomas without a rebound.
4:01 of 1st period - Ryan Getzlaf wins face-off versus Robert Lang in RedWings zone.
4:08 of 1st period - Shot by Ryan Getzlaf.
4:08 of 1st period - Stopped by Niklas Backstrom without a rebound.
4:09 of 1st period - Henrik Sedin wins face-off versus Travis Zajac in Flames zone.
4:20 of 1st period - Shot by Henrik Sedin.
4:20 of 1st period - Shot Blocked by Zach Parise.
4:26 of 1st period - Phil Kessel is hit by Jarome Iginla and loses puck.
5:11 of 1st period - Shot by Ryan Getzlaf.
5:11 of 1st period - Shot Misses the Net.
5:15 of 1st period - Shot by Ray Whitney.
5:15 of 1st period - Shot Misses the Net.
5:19 of 1st period - Shot by Ryan Getzlaf.
5:19 of 1st period - Shot Misses the Net.
5:23 of 1st period - Shot by Ryan Getzlaf.
5:23 of 1st period - Shot Misses the Net.
5:55 of 1st period - Minor Penalty to Jean-Pierre Dumont for Slashing.
5:56 of 1st period - Robert Lang wins face-off versus Marty Reasoner in RedWings zone.
7:47 of 1st period - Shot by Robert Lang.
7:47 of 1st period - Deflect By Keith Tkachuk.
7:47 of 1st period - Stopped by Tim Thomas without a rebound.
7:48 of 1st period - Travis Zajac wins face-off versus Matt Cullen in RedWings zone.
7:58 of 1st period - Mikko Koivu is hit by Ryan Getzlaf and loses puck.
8:22 of 1st period - Icing by Ryan Getzlaf.
8:23 of 1st period - Owen Nolan wins face-off versus Ryan Getzlaf in RedWings zone.
8:23 of 1st period - Trevor Daley is hit by Brendan Witt and loses puck.
8:30 of 1st period - Shot by Robert Lang.
8:30 of 1st period - Deflect By Owen Nolan.
8:30 of 1st period - Shot Blocked by Brian Campbell.
8:40 of 1st period - Shot by Owen Nolan.
8:40 of 1st period - Shot Blocked by Brian Campbell.
8:42 of 1st period - Shot by Owen Nolan.
8:42 of 1st period - Shot Misses the Net.
8:45 of 1st period - Minor Penalty to Brendan Witt for Hooking.
8:46 of 1st period - Ville Peltonen wins face-off versus Henrik Sedin in RedWings zone.
9:13 of 1st period - Shot by Dan Boyle.
9:13 of 1st period - Stopped by Tim Thomas without a rebound.
9:14 of 1st period - Robert Lang wins face-off versus Joe Callahan in RedWings zone.
9:21 of 1st period - Shot by Robert Lang.
9:21 of 1st period - Stopped by Tim Thomas without a rebound.
9:22 of 1st period - Robert Lang wins face-off versus Travis Zajac in RedWings zone.
9:47 of 1st period - Shot by Chris Pronger.
9:47 of 1st period - Shot Misses the Net.
9:49 of 1st period - Shot by Robert Lang.
9:49 of 1st period - Shot Misses the Net.
9:51 of 1st period - Shot by Chris Pronger.
9:51 of 1st period - Shot Misses the Net.
10:00 of 1st period - Off-side.
10:01 of 1st period - Marty Reasoner wins face-off versus Daniel Sedin in neutral zone.
10:26 of 1st period - Shot by Henrik Sedin.
10:26 of 1st period - Stopped by Tim Thomas without a rebound.
10:27 of 1st period - Henrik Sedin wins face-off versus Travis Zajac in RedWings zone.
11:17 of 1st period - Valtteri Filppula and Ryan Getzlaf fight to a draw.
11:17 of 1st period - Penalty to Valtteri Filppula for Fighting.
11:17 of 1st period - Penalty to Ryan Getzlaf for Fighting.
11:18 of 1st period - Henrik Sedin wins face-off versus Travis Zajac in Flames zone.
11:46 of 1st period - Icing by Paul Martin.
11:47 of 1st period - Travis Zajac wins face-off versus Robert Lang in RedWings zone.
11:47 of 1st period - Travis Zajac is hit by Keith Tkachuk.
11:50 of 1st period - Minor Penalty to Keith Tkachuk for Holding.
11:51 of 1st period - Marco Sturm wins face-off versus Marty Reasoner in Flames zone.
13:22 of 1st period - Shot by Marty Reasoner.
13:22 of 1st period - Shot Misses the Net.
13:24 of 1st period - Shot by Brendan Witt.
13:24 of 1st period - Shot Blocked by Roman Hamrlik.
13:26 of 1st period - Shot by Mike Cammalleri.
13:26 of 1st period - Shot Blocked by Roman Hamrlik.
14:11 of 1st period - Shot by Pavol Demitra.
14:11 of 1st period - Shot Misses the Net.
14:33 of 1st period - Shot by Ray Whitney.
14:33 of 1st period - Stopped by Niklas Backstrom with a rebound.
14:37 of 1st period - Shot by Marty Reasoner.
14:37 of 1st period - Shot Misses the Net.
14:39 of 1st period - Shot by Brendan Witt.
14:39 of 1st period - Shot Blocked by Trevor Daley.
14:41 of 1st period - Shot by Marty Reasoner.
14:41 of 1st period - Shot Misses the Net.
14:56 of 1st period - Brian Campbell is hit by Phil Kessel and loses puck.
15:14 of 1st period - Icing by Brian Campbell.
15:15 of 1st period - Mikko Koivu wins face-off versus Marty Reasoner in RedWings zone.
15:59 of 1st period - Shot by Jarome Iginla.
15:59 of 1st period - Shot Misses the Net.
16:01 of 1st period - Shot by Travis Zajac.
16:01 of 1st period - Shot Hit the Post.
16:15 of 1st period - Minor Penalty to David Hale for Tripping.
16:16 of 1st period - Henrik Sedin wins face-off versus Mike Cammalleri in RedWings zone.
17:32 of 1st period - Shot by Henrik Sedin.
17:32 of 1st period - Goal by Henrik Sedin - RedWings : 0 - Flames : 1.
17:33 of 1st period - Matt Cullen wins face-off versus Zach Parise in neutral zone.
17:45 of 1st period - Matt Cullen is hit by David Hale and loses puck.
18:39 of 1st period - Shot by Ryan Getzlaf.
18:39 of 1st period - Stopped by Niklas Backstrom without a rebound.
18:40 of 1st period - Travis Zajac wins face-off versus Mikko Koivu in Flames zone.
18:59 of 1st period - Shot by Mike Cammalleri.
18:59 of 1st period - Shot Misses the Net.
19:07 of 1st period - Shot by Travis Zajac.
19:07 of 1st period - Stopped by Niklas Backstrom without a rebound.
19:08 of 1st period - Henrik Sedin wins face-off versus Marty Reasoner in Flames zone.
19:21 of 1st period - Shot by Ray Whitney.
19:21 of 1st period - Stopped by Niklas Backstrom with a rebound.
19:23 of 1st period - Shot by Marty Reasoner.
19:23 of 1st period - Shot Misses the Net.
19:27 of 1st period - Shot by Marty Reasoner.
19:27 of 1st period - Shot Misses the Net.
19:35 of 1st period - Shot by Ray Whitney.
19:35 of 1st period - Stopped by Niklas Backstrom without a rebound.
19:36 of 1st period - Travis Zajac wins face-off versus Mikko Koivu in Flames zone.
19:42 of 1st period - Icing by Dan Boyle.
19:43 of 1st period - Valtteri Filppula wins face-off versus Travis Zajac in Flames zone.

Period #2

0:01 of 2nd period - Travis Zajac wins face-off versus Phil Kessel in neutral zone.
0:13 of 2nd period - Icing by Phil Kessel.
0:14 of 2nd period - Henrik Sedin wins face-off versus Ryan Getzlaf in Flames zone.
0:37 of 2nd period - Shot by Phil Kessel.
0:37 of 2nd period - Shot Misses the Net.
2:04 of 2nd period - Minor Penalty to Marty Reasoner for High sticking.
2:05 of 2nd period - Robert Lang wins face-off versus Travis Zajac in RedWings zone.
2:35 of 2nd period - Shot by Tobias Enstrom.
2:35 of 2nd period - Stopped by Tim Thomas without a rebound.
2:36 of 2nd period - Ville Peltonen wins face-off versus Henrik Sedin in RedWings zone.
4:15 of 2nd period - Shot by Pavol Demitra.
4:15 of 2nd period - Stopped by Niklas Backstrom without a rebound.
4:16 of 2nd period - Mikko Koivu wins face-off versus Marty Reasoner in Flames zone.
4:16 of 2nd period - Mikko Koivu is hit by Jean-Pierre Dumont.
4:25 of 2nd period - Off-side.
4:26 of 2nd period - Travis Zajac wins face-off versus Robert Lang in neutral zone.
5:11 of 2nd period - Icing by Phil Kessel.
5:12 of 2nd period - Henrik Sedin wins face-off versus Marty Reasoner in Flames zone.
5:12 of 2nd period - Henrik Sedin is hit by Pavol Demitra.
5:46 of 2nd period - Minor Penalty to David Hale for Holding Stick.
5:47 of 2nd period - Henrik Sedin wins face-off versus Travis Zajac in RedWings zone.
6:13 of 2nd period - Off-side.
6:14 of 2nd period - Robert Lang wins face-off versus Marty Reasoner in neutral zone.
6:17 of 2nd period - Shot by Owen Nolan.
6:17 of 2nd period - Shot Misses the Net.
7:13 of 2nd period - Shot by Trevor Daley.
7:13 of 2nd period - Shot Misses the Net.
8:14 of 2nd period - Minor Penalty to Mike Commodore for Roughing.
8:15 of 2nd period - Travis Zajac wins face-off versus Matt Cullen in Flames zone.
8:17 of 2nd period - Minor Penalty to Paul Mara for Hooking.
8:18 of 2nd period - Travis Zajac wins face-off versus Matt Cullen in Flames zone.
8:39 of 2nd period - Shot by Jarome Iginla.
8:39 of 2nd period - Shot Misses the Net.
8:43 of 2nd period - Shot by Jarome Iginla.
8:43 of 2nd period - Shot Misses the Net.
8:47 of 2nd period - Shot by Jarome Iginla.
8:47 of 2nd period - Stopped by Niklas Backstrom without a rebound.
8:48 of 2nd period - Ryan Getzlaf wins face-off versus Matt Cullen in Flames zone.
9:15 of 2nd period - Shot by Paul Martin.
9:15 of 2nd period - Shot Misses the Net.
10:06 of 2nd period - Icing by Ray Whitney.
10:07 of 2nd period - Daniel Sedin wins face-off versus Ryan Getzlaf in RedWings zone.
10:16 of 2nd period - Shot by Mike Cammalleri.
10:16 of 2nd period - Shot Misses the Net.
10:22 of 2nd period - Marty Reasoner is hit by Mike Commodore and loses puck.
10:41 of 2nd period - Shot by Keith Tkachuk.
10:41 of 2nd period - Shot Misses the Net.
10:55 of 2nd period - Shot by Owen Nolan.
10:55 of 2nd period - Shot Misses the Net.
12:21 of 2nd period - Minor Penalty to Keith Tkachuk for Holding.
12:22 of 2nd period - Ryan Getzlaf wins face-off versus Henrik Sedin in Flames zone.
12:27 of 2nd period - Shot by Brian Campbell.
12:27 of 2nd period - Stopped by Niklas Backstrom without a rebound.
12:28 of 2nd period - Mikko Koivu wins face-off versus Ryan Getzlaf in Flames zone.
13:40 of 2nd period - Shot by Jarome Iginla.
13:40 of 2nd period - Goal by Jarome Iginla - RedWings : 1 - Flames : 1.
13:41 of 2nd period - Marty Reasoner wins face-off versus Robert Lang in neutral zone.
13:43 of 2nd period - Zach Parise is hit by Trevor Daley and loses puck.
13:54 of 2nd period - Shot by Owen Nolan.
13:54 of 2nd period - Shot Misses the Net.
14:00 of 2nd period - Shot by Robert Lang.
14:00 of 2nd period - Deflect By Owen Nolan.
14:00 of 2nd period - Stopped by Tim Thomas without a rebound.
14:01 of 2nd period - Mikko Koivu wins face-off versus Pavol Demitra in RedWings zone.
14:06 of 2nd period - Shot by Marco Sturm.
14:06 of 2nd period - Shot Misses the Net.
14:18 of 2nd period - Shot by Marco Sturm.
14:18 of 2nd period - Stopped by Tim Thomas without a rebound.
14:19 of 2nd period - Jarome Iginla wins face-off versus Henrik Sedin in RedWings zone.
14:19 of 2nd period - Jarome Iginla is hit by Henrik Sedin.
15:29 of 2nd period - Icing by Marty Reasoner.
15:30 of 2nd period - Mikko Koivu wins face-off versus Marty Reasoner in RedWings zone.
15:57 of 2nd period - Icing by Keith Yandle.
15:58 of 2nd period - Marty Reasoner wins face-off versus Robert Lang in RedWings zone.
15:58 of 2nd period - Marty Reasoner is hit by Keith Tkachuk.
16:21 of 2nd period - Shot by Keith Tkachuk.
16:21 of 2nd period - Shot Misses the Net.
17:02 of 2nd period - Shot by Ray Whitney.
17:02 of 2nd period - Shot Blocked by Dan Boyle.
17:49 of 2nd period - Shot by Henrik Sedin.
17:49 of 2nd period - Shot Misses the Net.
18:01 of 2nd period - Icing by Daniel Sedin.
18:02 of 2nd period - Ryan Getzlaf wins face-off versus Henrik Sedin in Flames zone.
18:07 of 2nd period - Shot by Ray Whitney.
18:07 of 2nd period - Goal by Ray Whitney - RedWings : 2 - Flames : 1.
18:08 of 2nd period - Ryan Getzlaf wins face-off versus Robert Lang in neutral zone.
18:10 of 2nd period - Ray Whitney is hit by Roman Hamrlik and loses puck.
18:32 of 2nd period - Minor Penalty to Trevor Daley for Hooking.
18:33 of 2nd period - Mikko Koivu wins face-off versus Travis Zajac in Flames zone.
19:01 of 2nd period - Zach Parise is hit by Roman Hamrlik and loses puck.
19:19 of 2nd period - Icing by Colin White.
19:20 of 2nd period - Ryan Getzlaf wins face-off versus Mikko Koivu in RedWings zone.

Period #3

0:01 of 3rd period - Mikko Koivu wins face-off versus Travis Zajac in neutral zone.
0:14 of 3rd period - Shot by Jarome Iginla.
0:14 of 3rd period - Stopped by Niklas Backstrom without a rebound.
0:15 of 3rd period - Ryan Getzlaf wins face-off versus Valtteri Filppula in Flames zone.
0:15 of 3rd period - Minor Penalty to Mike Commodore for Roughing.
0:16 of 3rd period - Mikko Koivu wins face-off versus Ryan Getzlaf in Flames zone.
0:25 of 3rd period - Shot by Matt Cullen.
0:25 of 3rd period - Shot Misses the Net.
1:25 of 3rd period - Shot by Brian Campbell.
1:25 of 3rd period - Shot Misses the Net.
1:27 of 3rd period - Shot by Travis Zajac.
1:27 of 3rd period - Stopped by Niklas Backstrom without a rebound.
1:28 of 3rd period - Mikko Koivu wins face-off versus Travis Zajac in Flames zone.
1:39 of 3rd period - Jarome Iginla is hit by Matt Cullen and loses puck.
2:19 of 3rd period - Icing by Colin White.
2:20 of 3rd period - Marty Reasoner wins face-off versus Henrik Sedin in RedWings zone.
2:51 of 3rd period - Shot by Ray Whitney.
2:51 of 3rd period - Stopped by Niklas Backstrom without a rebound.
2:52 of 3rd period - Valtteri Filppula wins face-off versus Marty Reasoner in Flames zone.
3:21 of 3rd period - Shot by Valtteri Filppula.
3:21 of 3rd period - Shot Misses the Net.
3:43 of 3rd period - Trevor Daley is hit by Jean-Pierre Dumont and loses puck.
4:00 of 3rd period - Shot by Zach Parise.
4:00 of 3rd period - Stopped by Niklas Backstrom with a rebound.
4:02 of 3rd period - Shot by Paul Martin.
4:02 of 3rd period - Shot Blocked by Roman Hamrlik.
4:06 of 3rd period - Shot by Jarome Iginla.
4:06 of 3rd period - Shot Misses the Net.
4:08 of 3rd period - Shot by Travis Zajac.
4:08 of 3rd period - Stopped by Niklas Backstrom without a rebound.
4:09 of 3rd period - Henrik Sedin wins face-off versus Ryan Getzlaf in Flames zone.
4:22 of 3rd period - Chris Pronger is hit by Ryan Getzlaf and loses puck.
5:08 of 3rd period - Minor Penalty to Roman Hamrlik for Tripping.
5:09 of 3rd period - Travis Zajac wins face-off versus Mikko Koivu in Flames zone.
5:52 of 3rd period - Shot by Jarome Iginla.
5:52 of 3rd period - Shot Misses the Net.
6:28 of 3rd period - Icing by Keith Yandle.
6:29 of 3rd period - Ryan Getzlaf wins face-off versus Mikko Koivu in RedWings zone.
6:55 of 3rd period - Shot by Henrik Sedin.
6:55 of 3rd period - Stopped by Tim Thomas without a rebound.
6:56 of 3rd period - Travis Zajac wins face-off versus Mikko Koivu in RedWings zone.
7:03 of 3rd period - Shot by Jarome Iginla.
7:03 of 3rd period - Stopped by Niklas Backstrom without a rebound.
7:04 of 3rd period - Ryan Getzlaf wins face-off versus Matt Cullen in Flames zone.
7:17 of 3rd period - Shot by Pavol Demitra.
7:17 of 3rd period - Stopped by Niklas Backstrom without a rebound.
7:18 of 3rd period - Marty Reasoner wins face-off versus Robert Lang in Flames zone.
7:25 of 3rd period - Shot by Marty Reasoner.
7:25 of 3rd period - Shot Misses the Net.
7:27 of 3rd period - Shot by Marty Reasoner.
7:27 of 3rd period - Stopped by Niklas Backstrom without a rebound.
7:28 of 3rd period - Henrik Sedin wins face-off versus Zach Parise in Flames zone.
7:28 of 3rd period - Henrik Sedin is hit by Jarome Iginla.
7:40 of 3rd period - Shot by Phil Kessel.
7:40 of 3rd period - Shot Misses the Net.
7:42 of 3rd period - Shot by Chris Pronger.
7:42 of 3rd period - Shot Blocked by Paul Martin.
7:46 of 3rd period - Shot by Henrik Sedin.
7:46 of 3rd period - Shot Misses the Net.
7:48 of 3rd period - Shot by Chris Pronger.
7:48 of 3rd period - Shot Misses the Net.
9:15 of 3rd period - Off-side.
9:16 of 3rd period - Robert Lang wins face-off versus Ryan Getzlaf in neutral zone.
9:42 of 3rd period - Shot by Owen Nolan.
9:42 of 3rd period - Stopped by Tim Thomas without a rebound.
9:43 of 3rd period - Matt Cullen wins face-off versus Travis Zajac in RedWings zone.
9:43 of 3rd period - Matt Cullen is hit by Colin White.
10:05 of 3rd period - Shot by Jarome Iginla.
10:05 of 3rd period - Deflect By Zach Parise.
10:05 of 3rd period - Shot Misses the Net.
11:24 of 3rd period - Shot by Owen Nolan.
11:24 of 3rd period - Stopped by Tim Thomas without a rebound.
11:25 of 3rd period - Mikko Koivu wins face-off versus Ryan Getzlaf in RedWings zone.
11:26 of 3rd period - Shot by Valtteri Filppula.
11:26 of 3rd period - Stopped by Tim Thomas with a rebound.
11:58 of 3rd period - Shot by Marco Sturm.
11:58 of 3rd period - Stopped by Tim Thomas without a rebound.
11:59 of 3rd period - Travis Zajac wins face-off versus Robert Lang in RedWings zone.
12:14 of 3rd period - Off-side.
12:15 of 3rd period - Travis Zajac wins face-off versus Marco Sturm in neutral zone.
12:22 of 3rd period - Shot by Dan Boyle.
12:22 of 3rd period - Shot Blocked by Paul Martin.
12:58 of 3rd period - Icing by Mike Commodore.
12:59 of 3rd period - Ryan Getzlaf wins face-off versus Valtteri Filppula in Flames zone.
13:13 of 3rd period - Shot by Ryan Getzlaf.
13:13 of 3rd period - Stopped by Niklas Backstrom without a rebound.
13:14 of 3rd period - Marty Reasoner wins face-off versus Robert Lang in Flames zone.
13:27 of 3rd period - Shot by Jean-Pierre Dumont.
13:27 of 3rd period - Shot Blocked by Trevor Daley.
13:29 of 3rd period - Shot by Marty Reasoner.
13:29 of 3rd period - Shot Misses the Net.
13:33 of 3rd period - Shot by Keith Yandle.
13:33 of 3rd period - Shot Misses the Net.
14:35 of 3rd period - Shot by Ray Whitney.
14:35 of 3rd period - Deflect By Mike Cammalleri.
14:35 of 3rd period - Stopped by Niklas Backstrom without a rebound.
14:36 of 3rd period - Henrik Sedin wins face-off versus Zach Parise in Flames zone.
14:58 of 3rd period - Icing by Colin White.
14:59 of 3rd period - Mikko Koivu wins face-off versus Travis Zajac in RedWings zone.
15:38 of 3rd period - Shot by Henrik Sedin.
15:38 of 3rd period - Shot Misses the Net.
16:04 of 3rd period - Icing by Paul Martin.
16:05 of 3rd period - Mikko Koivu wins face-off versus Travis Zajac in RedWings zone.
16:10 of 3rd period - Shot by Marco Sturm.
16:10 of 3rd period - Stopped by Tim Thomas without a rebound.
16:11 of 3rd period - Marty Reasoner wins face-off versus Mikko Koivu in RedWings zone.
16:55 of 3rd period - Shot by Owen Nolan.
16:55 of 3rd period - Stopped by Tim Thomas without a rebound.
16:56 of 3rd period - Henrik Sedin wins face-off versus Ryan Getzlaf in RedWings zone.
16:57 of 3rd period - Shot by Phil Kessel.
16:57 of 3rd period - Shot Blocked by Brian Campbell.
16:59 of 3rd period - Shot by Phil Kessel.
16:59 of 3rd period - Stopped by Tim Thomas without a rebound.
17:00 of 3rd period - Ryan Getzlaf wins face-off versus Henrik Sedin in RedWings zone.
17:11 of 3rd period - Shot by Ryan Getzlaf.
17:11 of 3rd period - Shot Misses the Net.
17:13 of 3rd period - Shot by Mike Cammalleri.
17:13 of 3rd period - Deflect By Ryan Getzlaf.
17:13 of 3rd period - Stopped by Niklas Backstrom without a rebound.
17:14 of 3rd period - Ryan Getzlaf wins face-off versus Robert Lang in Flames zone.
17:14 of 3rd period - Minor Penalty to Roman Hamrlik for Roughing.
17:15 of 3rd period - Matt Cullen wins face-off versus Ryan Getzlaf in Flames zone.
17:26 of 3rd period - Shot by Ray Whitney.
17:26 of 3rd period - Shot Misses the Net.
17:28 of 3rd period - Shot by Ray Whitney.
17:28 of 3rd period - Stopped by Niklas Backstrom with a rebound.
17:30 of 3rd period - Shot by Paul Martin.
17:30 of 3rd period - Stopped by Niklas Backstrom without a rebound.
17:31 of 3rd period - Travis Zajac wins face-off versus Mikko Koivu in Flames zone.
17:42 of 3rd period - Shot by Brian Campbell.
17:42 of 3rd period - Shot Blocked by Chris Pronger.
17:46 of 3rd period - Shot by Brian Campbell.
17:46 of 3rd period - Stopped by Niklas Backstrom with a rebound.
18:20 of 3rd period - Shot by Paul Martin.
18:20 of 3rd period - Shot Misses the Net.
18:22 of 3rd period - Shot by Paul Martin.
18:22 of 3rd period - Shot Misses the Net.
18:24 of 3rd period - Shot by Ryan Getzlaf.
18:24 of 3rd period - Shot Misses the Net.
18:28 of 3rd period - Shot by Ryan Getzlaf.
18:28 of 3rd period - Deflect By Mike Cammalleri.
18:28 of 3rd period - Shot Misses the Net.
18:30 of 3rd period - Shot by Ray Whitney.
18:30 of 3rd period - Shot Misses the Net.
19:31 of 3rd period - Flames, Niklas Backstrom is pulled from the net.
19:35 of 3rd period - Shot by Daniel Sedin.
19:35 of 3rd period - Shot Misses the Net.


Output by the SimonT Hockey Simulator (STHS) for Stephane Roy -- Original Page W3C XHTML 1.0 Valid